 Dungeon Crawl Stone Soup version 0.30-a0-956-gcec3b41aec (webtiles) character file.

Game seed: 8414130258351271417

5 Wulfey the Grave Robber (level 1, 16/16 HPs)
             Began as a Troll Necromancer on Mar 30, 2023.
             Quit the game on level 1 of the Dungeon.
             The game lasted 00:02:04 (86 turns).

Wulfey the Grave Robber (Troll Necromancer)           Turns: 86, Time: 00:02:05

Health: 16/16      AC:  4    Str: 15    XL:     1   Next: 66%
Magic:  0/1        EV:  9    Int: 11    God:
Gold:   0          SH:  0    Dex: 10    Spells: 1/2 levels left

rFire   . . .      SeeInvis .    (no weapon)
rCold   . . .      Faith    .    (no shield)
rNeg    . . .      Spirit   .    a - +0 robe
rPois   .          Reflect  .    (helmet restricted)
rElec   .          Rampage  .    (no cloak)
rCorr   .                        (gloves unavailable)
Will    .....                    (boots unavailable)
Stlth   +                        (no amulet)
HPRegen 1.02/turn                (no ring)
MPRegen 0.07/turn                (no ring)

@: no status effects
A: large, unfitting armour, claws 3, regeneration 1, shaggy fur 1, tough skin 1
a: no special abilities


You were on level 1 of the Dungeon.
You visited 1 branch of the dungeon, and saw 1 of its levels.

Inventory:

Missiles
 d - 3 poisoned darts
Armour
 a - a +0 robe (worn)
Potions
 b - a potion of magic
 c - a potion of curing {unknown}


   Skills:
 * Level 0.1 Fighting
 + Level 1.5 Dodging
 - Level 1.0 Stealth
 * Level 0.2 Unarmed Combat
 - Level 1.2 Spellcasting
 + Level 3.4 Necromancy


You had one spell level left.
You knew the following spells:

 Your Spells              Type           Power      Damage    Failure   Level
a - Necrotise             Necr           32%        1d5       8%          1

Your spell library contained the following spells:

 Spells                   Type           Power      Damage    Failure   Level
 Vampiric Draining        Necr           8%         2d6       22%         3
 Animate Dead             Necr           8%         N/A       58%         4
 Agony                    Necr           8%         N/A       91%         5


Dungeon Overview and Level Annotations

Branches:
Dungeon (1/15)

Altars:


Innate Abilities, Weirdness & Mutations

You are too large for most types of armour.
You have claws for hands.
Your natural rate of healing is unusually fast.
You are covered in fur. (AC +1)
You have tough skin. (AC +1)


Message History

There are no items here.
You see here 3 poisoned darts.
You see here 3 poisoned darts.
d - 3 poisoned darts You open the gate.
There is an open gate here.
There is an open gate here.
There is an open gate here.
Found an escape hatch in the floor.
Found 4 javelins.
A hobgoblin comes into view.
The hobgoblin shouts!
You hear a shout!
The hobgoblin hits you but does no damage.
A hobgoblin comes into view.
You claw the hobgoblin!
You kill the hobgoblin!
An endoplasm comes into view.
Sorry, you're not good enough to have a special ability.
Casting: Necrotise (safe; 9% risk of failure)
Confirm with . or Enter, or press ? or * to list all spells.
Aiming: Necrotise (safe; 9% risk of failure)
Press: ? - help, Shift-Dir - straight line, f - hobgoblin
Aim: a hobgoblin (chance to affect: 72%)
The hobgoblin writhes in agony.
The endoplasm quivers.
You scratch the hobgoblin.
You kill the hobgoblin!
A giant cockroach comes into view.
You claw the endoplasm!
You kill the endoplasm!
The giant cockroach bites you.
You closely miss the giant cockroach. The giant cockroach closely misses you.
You barely miss the giant cockroach. The giant cockroach closely misses you.
You scratch the giant cockroach.
You kill the giant cockroach!
Unknown command.
Saving game... please wait.
Welcome back, Wulfey the Troll Necromancer.
Press ? for a list of commands and other information.
Are you sure you want to abandon this character and quit the game? (Confirm with "yes".)

## #. #.# . ####.#### .
##.......# .# .
##........##.#..
##.#.............
#.(.....@.....#
#.#..†....####..# ###
#......†.........
##.###.#.##...........
##...##.#>##.##.#####..
#.........##.##.#
##...##..###.##.#
##.####.# #.##.# #.#
#.# #.##..


There were no monsters in sight!

Vanquished Creatures
  An endoplasm (D:1)
  A giant cockroach (D:1)
  2 hobgoblins (D:1)
4 creatures vanquished.

Notes
Turn   | Place    | Note
-------+----------+-------------------------------------------
     0 | D:1      | Wulfey the Troll Necromancer began the quest for the Orb.
     0 | D:1      | Reached XP level 1. HP: 16/16 MP: 1/1
    86 | D:1      | Quit the game

Illustrated notes

Levels and vault maps discovered:
D:1:      kennysheep_arrival_forest, layout_loops_ring, serial_shops, shop

Action                     || total
---------------------------++-------
  Melee: Unarmed           ||     6
   Cast: Necrotise         ||     1
 Armour: Robe              ||     1
  Dodge: Dodged            ||     2

Table legend: (Time is in decaauts)
 A = Elapsed time spent in this place.
 B = Non-inter-level travel time spent in this place.
 C = Inter-level travel time spent in this place.
 D = Time resting spent in this place.
 E = Time spent auto-exploring this place.
 F = Levels seen in this place.
 G = Mean time per level.
                   A        B        C        D        E       F      G
               +--------+--------+--------+--------+--------+-----+--------+
         Total |     86 |     86 |      0 |      0 |     10 |   1 |   86.0 |
       Dungeon |     86 |     86 |      0 |      0 |     10 |   1 |   86.0 |
               +--------+--------+--------+--------+--------+-----+--------+

Top non-repeatable levels by time:
     D:1: 86 daAuts
